 Dungeon Crawl Stone Soup version 0.30-a0-950-gbf40cfac39 (webtiles) character file.

Game seed: 16344586555591312042

5212 Taimouu the Ripper (level 10, -20/76 HPs)
             Began as a Felid Berserker on Mar 28, 2023.
             Was a Priest of Trog.
             Demolished by a minotaur (22 damage)
             ... in a Gauntlet.
             The game lasted 00:18:19 (10982 turns).

Taimouu the Ripper (Felid Berserker)               Turns: 10982, Time: 00:18:20

Health: -20/76     AC:  2    Str: 20    XL:     10   Next: 35%
Magic:  11/11      EV: 19    Int: 12    God:    Trog [***...]
Gold:   1547       SH:  0    Dex: 19    Spells: 9/9 levels left
                                        Lives:  0   Deaths: 3

rFire   . . .      SeeInvis +      - Unarmed
rCold   . . .      Faith    .    (shield unavailable)
rNeg    . . .      Spirit   .    (body armour unavailable)
rPois   .          Reflect  .    (helmet unavailable)
rElec   .          Rampage  .    (cloak unavailable)
rCorr   +          Clarity  +    (gloves unavailable)
Will    +++..      NoTele   +    (boots unavailable) Stlth
                                 c - amulet of the acrobat
HPRegen 1.32/turn                w - ring "Ytraaw" {Ice rCorr Str+3 Int+2}
MPRegen 0.12/turn                m - +6 ring of dexterity

@: mighty, berserking, strong-willed, regenerating, very quick
A: very small, claws 1, fangs 3, see invisible, speed 1, shaggy fur 2, stealthy
paws, no weapons or thrown items, no armour, multi-lived, clarity, clumsy 1,
fire resistance 1, cold vulnerability 1, MP-powered wands
a: Renounce Religion, Berserk, Trog's Hand


You were in a Gauntlet.
You worshipped Trog.
Trog was most pleased with you.
You visited 1 branch of the dungeon, and saw 11 of its levels.
You also visited: Bailey and Gauntlet.

You collected 1756 gold pieces.
You spent 209 gold pieces at shops.

Inventory:

Armour
 s - the +1 cloak "Hero's Friend" {Harm Rampage Dex+3 SInv}
   (You found it in a Gauntlet)

   Dex:       It affects your dexterity (+3).
   SInv:      It lets you see invisible.
   Harm:      It increases damage dealt and taken.
   Rampage:   It bestows one free step when moving towards enemies.
Jewellery
 c - an amulet of the acrobat (around neck)
 e - a ring of positive energy
 m - a +6 ring of dexterity (right paw)
 w - the ring "Ytraaw" (left paw) {Ice rCorr Str+3 Int+2}
   (You found it in a Gauntlet)

   [ring of ice]

   It enhances your ice magic.
   Str:       It affects your strength (+3).
   Int:       It affects your intelligence (+2).
   rF:        It makes you vulnerable to fire.
   rC:        It protects you from cold.
   rCorr:     It protects you from acid and corrosion.
Wands
 d - a wand of light (6)
 f - a wand of flame (30)
 q - a wand of roots (7)
Scrolls
 a - 2 scrolls of poison
 b - 4 scrolls of identify
 h - 9 scrolls of teleportation
 i - 2 scrolls of immolation
 n - 2 scrolls of fog
 p - a scroll of magic mapping
 x - a scroll of summoning
Potions
 g - 4 potions of curing
 j - 2 potions of lignification
 k - 4 potions of cancellation
 l - 2 potions of ambrosia
 o - a potion of might
 r - 4 potions of attraction
 v - a potion of brilliance {unknown}
Miscellaneous
 t - a phantom mirror
 u - a box of beasts


   Skills:
 - Level 10.3 Fighting
 - Level 4.0 Dodging
 + Level 18.1 Unarmed Combat


You had 9 spell levels left.
You didn't know any spells.
Your spell library was empty.

Dungeon Overview and Level Annotations

Branches:
Dungeon (11/15)            Temple (0/1) D:4            Lair (0/5) D:8
 Bailey (visited)         Gauntlet (1/1)
    Orc: D:9-12

Altars:
Elyvilon
Fedhas
Hepliaklqana
Kikubaaqudgha
Makhleb
Nemelex Xobeh
Okawaru
Qazlal
Trog
Uskayaw
Yredelemnul
Zin
The Shining One

Shops:
D:10 ?

Annotations:
Gauntlet 4 transporters, 1 runed translucent door


Innate Abilities, Weirdness & Mutations

You have sharp claws.
You have razor-sharp teeth.
You have supernaturally acute eyesight. (SInv)
You cover ground quickly. (Speed+)
You are covered in thick fur. (AC +2)
Your paws help you pounce on unaware monsters.
You are incapable of wielding weapons or throwing items.
You cannot wear armour.
You gain extra lives every three experience levels.
You possess an exceptional clarity of mind.
You are clumsy. (Dex -2)
Your flesh is heat resistant. (rF+)
You are vulnerable to cold. (rC-)
You expend magic power (3 MP) to strengthen your wands.


Message History

The moth of wrath angrily waves its antennae.
Magic restored.
There is a transporter here.
You see here the felid corpse of Taimouu.
Partly explored, unvisited transporter.
Partly explored, unvisited transporter.
You see here the felid corpse of Taimouu.
You see here a +2 war axe of flaming.
There is a transporter here.
You enter the transporter and appear at another place.
A minotaur comes into view. It is quivering silver javelins.
The minotaur bellows!
The minotaur throws a silver javelin.
The silver javelin pierces through you. The silver sears you!
Okay, then.
Your skin crawls.
You feel strong-willed.
You can no longer call in reinforcements.
The minotaur throws a silver javelin.
The silver javelin barely misses you.
Okay, then.
You feel very mighty all of a sudden.
The minotaur throws a silver javelin.
The silver javelin misses you.
A red film seems to cover your vision as you go berserk!
You feel yourself moving faster!
You feel mighty!
The minotaur throws a silver javelin.
The silver javelin pierces through you!!!
Ouch! That really hurt!
The silver sears you!
You feel a strong urge to attack something.
You barely miss the minotaur.
The minotaur furiously retaliates!
The minotaur headbutts you, but does no damage.
Your bite misses the minotaur. The minotaur hits you!!
* * * LOW HITPOINT WARNING * * *
The minotaur gores you.
* * * LOW HITPOINT WARNING * * *
You barely miss the minotaur. You scratch the minotaur.
The minotaur is lightly wounded.
The minotaur hits you!!
You die...

...8.....8.....8....
..................§.
§§.#≈#########≈#....
#§####.......### ≈
## ##..8.8.8..##
##...©.©.©...##
#.............#
#.##.##.##.##.# #
#@# .#
.......H.......
##.##.##.##.##. #.
.# # . .. .# #.# #.
.# . ..


You could see a minotaur.

Vanquished Creatures
  A quicksilver ooze (Gauntlet)
  2 two-headed ogres (D:10)
  Pikel (D:6)
  An ugly thing (D:10)
  An apocalypse crab (Gauntlet)
  An unseen horror (D:10)
  Psyche (D:8)
  3 unseen horror zombies (D:9)
  A troll (D:10)
  Grinder (D:3)
  A hornet (D:7)
  Sigmund (D:3)
  A shadow (D:9)
  5 yaks (D:9)
  A wraith (D:10)
  Grum (D:8)
  4 fire bats (D:9)
  An acid dragon (D:9)
  2 water moccasins
  A hell hound (D:9)
  3 ice beasts
  6 orc warriors
  2 wolves (D:8)
  A centaur (D:9)
  3 ogres
  3 phantoms
  2 lemures (D:6)
  9 kobold brigands
  2 bullfrogs (D:6)
  4 scorpions
  A wyvern zombie (D:9)
  8 wights
  11 killer bees
  A howler monkey (D:8)
  2 lava snakes (D:9)
  4 centaur zombies (D:9)
  4 hounds
  2 jellies (D:6)
  A gnoll bouda (D:6)
  11 orc priests
  Crazy Yiuf (D:3)
  3 iguanas
  A sleepcap (D:6)
  6 orc wizards
  2 howler monkey zombies (D:9)
  4 gnolls (D:5)
  10 adders
  A shadow imp (D:7)
  A white imp (D:7)
  3 ufetubi
  2 worms (D:2)
  3 dart slugs
  37 orcs
  7 endoplasms
  A giant cockroach (D:3)
  9 goblins
  11 hobgoblins
  10 jackals
  6 quokkas
  A ball python (D:1)
  4 bats
  3 frilled lizards
  21 kobolds
  5 rats
  3 fire vortices (D:9)
266 creatures vanquished.

Vanquished Creatures (others)
  A fungus (D:8)
  7 plants
  19 withered plants (Gauntlet)
27 creatures vanquished.

Grand Total: 293 creatures vanquished

Notes
Turn   | Place    | Note
-------+----------+-------------------------------------------
     0 | D:1      | Taimouu the Felid Berserker began the quest for the Orb.
     0 | D:1      | Reached XP level 1. HP: 10/10 MP: 2/2
   103 | D:1      | Reached XP level 2. HP: 14/14 MP: 3/3
   990 | D:2      | Reached XP level 3. HP: 17/17 MP: 4/4
  1249 | D:2      | Reached skill level 4 in Unarmed Combat
  1346 | D:2      | Identified the +1 sling "Guov" {elec, Will++ Str-5 Int+6}
  1361 | D:2      | Found a glowing silver altar of Zin.
  1404 | D:2      | Reached XP level 4. HP: 22/22 MP: 5/5
  1491 | D:2      | Reached ** piety under Trog
  1541 | D:2      | Identified the +9 rapier of Akhewky {heavy, rElec Str+2
                  | SInv}
  2199 | D:3      | Found a blossoming altar of Fedhas.
  2238 | D:3      | Noticed a +0 hand axe
  2239 | D:3      | Noticed a +0 hand axe
  2243 | D:3      | Found a hide-covered altar of Uskayaw.
  2270 | D:3      | Identified a scroll of acquirement
  2270 | D:3      | Acquired a manual of Unarmed Combat
  2383 | D:3      | Found a sparkling altar of Nemelex Xobeh.
  2385 | D:3      | Noticed Sigmund
  2397 | D:3      | Killed Sigmund
  2398 | D:3      | Reached skill level 5 in Fighting
  2398 | D:3      | Reached skill level 5 in Unarmed Combat
  2398 | D:3      | Reached XP level 5. HP: 14/26 MP: 6/6
  2449 | D:3      | Gained mutation: You are covered in thick fur. (AC +2)
                  | [Felid growth]
  2449 | D:3      | Reached XP level 6. HP: 25/30 MP: 7/7
  2484 | D:3      | Reached skill level 6 in Unarmed Combat
  2484 | D:3      | Noticed an ice beast
  2497 | D:3      | Killed an ice beast
  2556 | D:3      | Noticed Grinder
  2605 | D:4      | Reached skill level 7 in Unarmed Combat
  2616 | D:4      | Found a hazy altar of Hepliaklqana.
  2696 | D:4      | Found a burning altar of Makhleb.
  3124 | D:4      | Found a staircase to the Ecumenical Temple.
  3251 | D:4      | Reached XP level 7. HP: 25/34 MP: 8/8
  3377 | D:5      | Entered Level 5 of the Dungeon
  3487 | D:5      | Gained mutation: You possess an exceptional clarity of
                  | mind. [potion of mutation]
  3487 | D:5      | Gained mutation: You are resistant to electric shocks.
                  | (rElec) [potion of mutation]
  3487 | D:5      | Gained mutation: Potions are less effective at restoring
                  | your health. [potion of mutation]
  3507 | D:5      | Reached skill level 8 in Unarmed Combat
  3770 | D:5      | Found a glowing silver altar of Zin.
  3792 | D:5      | Reached skill level 9 in Unarmed Combat
  3799 | D:5      | Found an iron altar of Okawaru.
  4034 | D:5      | Reached XP level 8. HP: 40/40 MP: 9/9
  4300 | D:3      | Found a runed translucent door.
  4301 | D:3      | Noticed Crazy Yiuf
  4391 | D:3      | Killed Grinder
  4672 | D:3      | Killed Crazy Yiuf
  4856 | D:6      | Reached skill level 10 in Unarmed Combat
  4906 | D:6      | Noticed Pikel
  4952 | D:6      | Killed Pikel
  4953 | D:6      | Reached skill level 11 in Unarmed Combat
  5234 | D:6      | Reached XP level 9. HP: 45/45 MP: 10/10
  5364 | D:6      | Reached skill level 12 in Unarmed Combat
  5373 | D:6      | HP: 1/67 [poisoned by a scorpion]
  5374 | D:6      | Succumbed to a scorpion's poison
  5375 | D:6      | Reached XP level 8. HP: -3/42 MP: 9/9
  6038 | D:7      | Reached skill level 13 in Unarmed Combat
  6166 | D:7      | Reached skill level 10 in Fighting
  6231 | D:7      | Noticed a hornet
  6239 | D:7      | Killed a hornet
  6240 | D:7      | Reached XP level 9. HP: 46/46 MP: 10/10
  7352 | D:8      | Found a staircase to the Lair.
  7366 | D:8      | Noticed Psyche
  7367 | D:8      | Noticed Grum
  7377 | D:8      | Killed Psyche
  7378 | D:8      | Reached skill level 14 in Unarmed Combat
  7384 | D:8      | Slain by Grum
  7385 | D:8      | Reached XP level 8. HP: 0/43 MP: 9/9
  7513 | D:8      | Reached *** piety under Trog
  7601 | D:8      | Found an ancient bone altar of Kikubaaqudgha.
  7816 | D:8      | Killed Grum
  8334 | D:9      | Found a stormy altar of Qazlal.
  8441 | D:9      | Lost mutation: Potions are less effective at restoring your
                  | health. [potion of mutation]
  8441 | D:9      | Lost mutation: You are resistant to electric shocks.
                  | (rElec) [potion of mutation]
  8441 | D:9      | Gained mutation: You are clumsy. (Dex -2) [potion of
                  | mutation]
  8441 | D:9      | Gained mutation: Your flesh is heat resistant. (rF+)
                  | [potion of mutation]
  8441 | D:9      | Gained mutation: You are vulnerable to cold. (rC-) [potion
                  | of mutation]
  8441 | D:9      | Gained mutation: You expend magic power (3 MP) to
                  | strengthen your wands. [potion of mutation]
  8576 | D:9      | Reached XP level 9. HP: 46/46 MP: 10/10
  8628 | D:9      | Reached skill level 15 in Unarmed Combat
  9023 | D:9      | Found a basalt altar of Yredelemnul.
  9037 | D:9      | Reached skill level 16 in Unarmed Combat
  9037 | D:9      | Reached XP level 10. HP: 51/51 MP: 11/11
  9225 | D:9      | Found a bloodstained altar of Trog.
  9300 | D:9      | Found a glowing golden altar of the Shining One.
  9446 | D:9      | Found a white marble altar of Elyvilon.
  9738 | D:10     | Entered Level 10 of the Dungeon
  9857 | D:10     | Noticed a green ugly thing
  9863 | D:10     | Killed a green ugly thing
  9919 | D:10     | Identified the +7 quarterstaff of Charmed Cruel Justice
                  | {protect, Will+ rCorr}
  9937 | D:10     | Found Mucimits's Magic Scroll Shop.
  9944 | D:10     | Bought a scroll of teleportation for 33 gold pieces
  9944 | D:10     | Bought a scroll of teleportation for 33 gold pieces
  9944 | D:10     | Bought a scroll of teleportation for 33 gold pieces
  9944 | D:10     | Bought a scroll of fog for 44 gold pieces
  9944 | D:10     | Bought a scroll of teleportation for 33 gold pieces
  9944 | D:10     | Bought a scroll of teleportation for 33 gold pieces
 10032 | D:10     | Found a flagged portal.
 10092 | D:10     | Noticed a two-headed ogre
 10126 | Bailey   | Entered a bailey
 10150 | Bailey   | Reached skill level 17 in Unarmed Combat
 10203 | Bailey   | Reached **** piety under Trog
 10253 | Bailey   | Identified the +4 flail of Niupuk {flame, rElec Str-3
                  | Int+4}
 10279 | Bailey   | Found a bloodstained altar of Trog.
 10441 | D:10     | Noticed a two-headed ogre
 10449 | D:10     | Killed a two-headed ogre
 10450 | D:10     | Reached XP level 11. HP: 54/54 MP: 12/12
 10706 | D:10     | Killed a two-headed ogre
 10767 | D:11     | Found a gate leading to a gauntlet.
 10770 | Gauntlet | Entered a Gauntlet
 10770 | Gauntlet | Found a transporter.
 10772 | Gauntlet | Found a runed translucent door.
 10773 | Gauntlet | Found a transporter.
 10784 | Gauntlet | Noticed a death scarab
 10786 | Gauntlet | Found a transporter.
 10788 | Gauntlet | Noticed a death scarab
 10799 | Gauntlet | Found a transporter.
 10799 | Gauntlet | Found a transporter.
 10823 | Gauntlet | Identified the +1 cloak "Hero's Friend" {Harm Rampage Dex+3
                  | SInv}
 10830 | Gauntlet | Noticed a quicksilver ooze
 10831 | Gauntlet | Found a transporter.
 10836 | Gauntlet | Slain by a quicksilver ooze
 10837 | Gauntlet | Reached XP level 10. HP: -4/51 MP: 0/11
 10838 | Gauntlet | Found a transporter.
 10838 | Gauntlet | Found a transporter.
 10877 | Gauntlet | Killed a quicksilver ooze
 10878 | Gauntlet | Reached skill level 18 in Unarmed Combat
 10884 | Gauntlet | Identified the ring "Ytraaw" {Ice rCorr Str+3 Int+2}
 10891 | Gauntlet | Noticed a moth of wrath
 10971 | Gauntlet | Noticed a minotaur
 10980 | Gauntlet | HP: 2/76 [minotaur (24)]
 10982 | Gauntlet | Demolished by a minotaur

Illustrated notes

Levels and vault maps discovered:
D:1:      amcnicky_arrival_abandoned_market, layout_loops_corners
D:2:      layout_basic, basic_altar, grunt_decor_clamped,
          kennysheep_big_empty_room
D:3:      layout_rooms, dancing_weapons_uskayaw, old_standard_altar,
          nemelex_xobeh_ov_fountains_minmay, minivault_24,
          uniq_crazy_yiuf_cottage, uniq_sigmund, uniq_grinder
D:4:      wander_river, layout_loops_ring, nicolae_hepliaklqana_hazy_memory,
          mainiacjoe_overflow_six_doors_small, minmay_temple_entry_nine_rooms
D:5:      layout_gridville, kennysheep_mini_moat,
          mainiacjoe_overflow_small_starburst, nicolae_titane
D:6:      minmay_polygon_palace, layout_basic, minmay_puff, uniq_pikel
D:7:      layout_loops_corners, chequers_serial_rivers_micro_b,
          kennysheep_another_room
D:8:      layout_layer_cave, marbit_many_paths, dpeg_oklobed_lair, uniq_psyche,
          uniq_grum
D:9:      layout_basic, nicolae_yredelemnul_corpse_copse,
          grunt_qazlal_sundering, trog_book, grunt_temple_overflow_open,
          hangedman_incinerator
D:10:     layout_loops_cross, enter_bailey_3, serial_shops,
          nicolae_shop_advertising_works [nicolae_subvault_shop_adworks],
          solitary_fountain
D:11:     layout_irregular_city, david_orc_4, gauntlet_entry_generic, uniq_sonja
Gauntlet: minmay_gauntlet_mixed_oops_all_seconds
          [minmay_gauntlet_arena_77_cramped, gammafunk_gauntlet_arena_crates,
          minmay_gauntlet_arena_77_checkered, gammafunk_gauntlet_arena_hedges,
          minmay_gauntlet_arena_77_p_blocks, nicolae_gauntlet_swirl,
          gauntlet_exit_green]

Skill      XL: |  1  2  3  4  5  6  7  8  9 10 |
---------------+-------------------------------+-----
Unarmed Combat | 4 5 7 9 13 16 18 | 18.1
Fighting       | 4 5 6 7 10 9 | 10.3
Dodging        | |  4.0

Action                     |  1- 3 |  4- 6 |  7- 9 | 10-12 || total
---------------------------+-------+-------+-------+-------++-------
  Melee: Unarmed           |    92 |   131 |   321 |   147 ||   691
         Bite              |     9 |    11 |    40 |    19 ||    79
         Punch             |       |     1 |    21 |    12 ||    34
 Invoke: Berserk           |     4 |     4 |    20 |    10 ||    38
         Trog's Hand       |       |     2 |     2 |     3 ||     7
    Use: Scroll            |       |    12 |     4 |     1 ||    17
         Potion            |       |     4 |     6 |     3 ||    13
   Stab: Sleeping          |     3 |     4 |     3 |       ||    10
         Confused          |       |       |       |     1 ||     1
 Armour: Skin              |     4 |     9 |     7 |     3 ||    23
  Dodge: Dodged            |    63 |    90 |   216 |   107 ||   476

Table legend: (Time is in decaauts)
 A = Elapsed time spent in this place.
 B = Non-inter-level travel time spent in this place.
 C = Inter-level travel time spent in this place.
 D = Time resting spent in this place.
 E = Time spent auto-exploring this place.
 F = Levels seen in this place.
 G = Mean time per level.
                   A        B        C        D        E       F      G
               +--------+--------+--------+--------+--------+-----+--------+
         Total |   9535 |   9126 |    409 |      0 |   7367 |  13 |  733.5 |
       Dungeon |   9090 |   8681 |    409 |      0 |   7211 |  11 |  826.4 |
        Bailey |    248 |    248 |      0 |      0 |     77 |   1 |  248.0 |
      Gauntlet |    196 |    196 |      0 |      0 |     78 |   1 |  196.0 |
               +--------+--------+--------+--------+--------+-----+--------+

Top non-repeatable levels by time:
     D:9: 1241 daAuts
     D:8: 1164 daAuts
     D:2: 1024 daAuts
     D:6: 1014 daAuts
     D:3: 864 daAuts
     D:7: 835 daAuts
     D:1: 799 daAuts
     D:4: 746 daAuts
     D:5: 728 daAuts
    D:10: 666 daAuts
  Bailey: 248 daAuts
Gauntlet: 196 daAuts
    D:11: 2 daAuts
